 Dungeon Crawl Stone Soup version bcrawl-1.31.4 (webtiles) character file.

Game seed: 12199616443757083969

141807 Morbidden the Ducker (level 5, -1/40 HPs)
             Began as a Demonspawn Archaeologist on June 17, 2021.
             Slain by an iguana (11 damage)
             ... on level 3 of the Dungeon.
             The game lasted 00:04:14 (2437 turns).

Morbidden the Ducker (Demonspawn Archaeologist)     Turns: 2437, Time: 00:04:14

Health: -1/40      AC:  8    Str: 21    XL:     5   Next: 8%
Magic:  5/5        EV: 14    Int: 17    God:
Gold:   225        SH:  0    Dex: 15    Spells: 4/4 levels left

rFire    . . .     SeeInvis +   a - +0 whip
rCold    . . .     Gourm    .   (no shield)
rNeg     + . .     Faith    .   n - +1 robe {rN+}
rPois    .         Spirit   .   d - +1 hat
rElec    .         Reflect  .   p - +0 cloak
rCorr    .         Harm     .   s - +0 pair of gloves
MR       .....                  q - +1 pair of boots
Stlth    ++........             (no amulet)
HPRegen  0.13/turn              w - +7 ring of strength
MPRegen  0.09/turn              h - ring "Jiluf" {Str+2 Int+2 Dex+3 Slay+2 SInv}

@: no status effects
A: rot immunity
a: no special abilities


You were on level 3 of the Dungeon.
You were hungry.

You visited 1 branch of the dungeon, and saw 3 of its levels.

You collected 225 gold pieces.

Inventory:

Hand Weapons
 a - a +0 whip (weapon)
 b - a +0 blowgun
Missiles
 f - 6 curare-tipped needles
 k - 72 needles of confusion
 m - 6 poisoned needles
 u - 126 poisoned tomahawks (quivered)
Armour
 d - a +1 hat (worn)
 n - a +1 robe of positive energy (worn)
 p - a +0 cloak (worn)
 q - a +1 pair of boots (worn)
 s - a +0 pair of gloves (worn)
Jewellery
 h - the ring "Jiluf" (right hand) {Str+2 Int+2 Dex+3 Slay+2 SInv}
   (You acquired it on level 3 of the Dungeon)

   [ring of strength]

   It affects your strength (+2).
   It affects your intelligence (+2).
   It affects your dexterity (+3).
   It affects your accuracy and damage with ranged weapons and melee attacks
   (+2).
   It lets you see invisible.
 v - an uncursed ring of poison resistance
 w - a +7 ring of strength (left hand)
Scrolls
 c - a scroll of enchant weapon {unknown}
 g - a scroll of magic mapping
 j - a scroll of teleportation {unknown}
 l - 2 scrolls of remove curse
 r - 2 scrolls of amnesia
 t - 2 scrolls of fog
 x - a scroll of enchant armour {unknown}
Potions
 o - a potion of curing {unknown}
 z - a potion of heal wounds {unknown}
 A - a potion of invisibility {unknown}
 B - a potion of lignification {unknown}
Comestibles
 e - 9 rations {!d}
 i - 4 chunks of flesh


   Skills:
 + Level 2.8 Fighting
 + Level 2.3 Maces & Flails
 + Level 0.6 Throwing
 + Level 3.6 Dodging
 + Level 3.2 Stealth


You had 4 spell levels left.
You didn't know any spells.
Your spell library was empty.

Dungeon Overview and Level Annotations

Branches:
Dungeon (3/12)

Altars:
Nemelex Xobeh
Trog


Innate Abilities, Weirdness & Mutations

You are immune to rotting.


Message History

You barely miss the iguana.
The iguana is heavily wounded.
The iguana bites you.
* * * LOW HITPOINT WARNING * * *
You hit the iguana but do no damage.
The iguana is heavily wounded.
The iguana closely misses you.
You closely miss the iguana.
The iguana is heavily wounded.
The iguana bites you but does no damage.
The iguana closely misses you.
Throwing (i - inventory)
u - 127 poisoned tomahawks (quivered)
Press: ? - help, Shift-Dir - straight line, f - iguana
Aim: an iguana (heavily wounded)
You throw a poisoned tomahawk.
The poisoned tomahawk hits the iguana but does no damage.
The iguana is poisoned.
The iguana is heavily wounded.
The iguana bites you!
You die...

#. #. #. #.
.# #. #.#
.. #. #.#
...
#†##.###...
#.@l.#....#
#.........#
#...(<..#.
#....####
#.#...#
#.#.#.#
#.#.#.#
#.##
#.....# ..#
##.#..#
#.###


You could see an iguana.

Vanquished Creatures
  A worker ant (D:3)
  An adder (D:2)
  3 oozes
  10 worms
  2 dart slugs
  3 leopard geckos
  3 orcs
  5 bats
  4 giant cockroaches
  4 hobgoblins
  3 jackals (D:2)
  3 quokkas (D:2)
  A ball python (D:1)
  2 frilled lizards (D:2)
  6 goblins
  9 kobolds
  6 rats
66 creatures vanquished.

Notes
Turn   | Place    | Note
-------+----------+-------------------------------------------
     0 | D:1      | Morbidden the Demonspawn Archaeologist began the quest for
                  | the Orb.
     0 | D:1      | Reached XP level 1. HP: 15/15 MP: 1/1
    52 | D:1      | Reached skill level 1 in Maces & Flails
    89 | D:1      | Gained mutation: You are immune to rotting. [demonic
                  | ancestry]
    89 | D:1      | Reached XP level 2. HP: 11/21 MP: 2/2
   627 | D:1      | Reached XP level 3. HP: 26/26 MP: 3/3
  1095 | D:2      | Found a bloodstained altar of Trog.
  1095 | D:2      | Noticed a moth of wrath
  1466 | D:2      | Reached XP level 4. HP: 11/34 MP: 4/4
  2222 | D:3      | Found a sparkling altar of Nemelex Xobeh.
  2288 | D:3      | Reached XP level 5. HP: 35/39 MP: 5/5
  2288 | D:3      | Identified a scroll of acquirement
  2288 | D:3      | Identified the +1 pair of boots "Eqacon" {MR+ SInv} (You
                  | acquired it on level 3 of the Dungeon)
  2288 | D:3      | Identified the ring "Jiluf" {Str+2 Int+2 Dex+3 Slay+2 SInv}
                  | (You acquired it on level 3 of the Dungeon)
  2437 | D:3      | Slain by an iguana

Skill      XL: |  1  2  3  4 |
---------------+-------------+-----
Maces & Flails | 1 2 |  2.3
Dodging        | 3 |  3.6
Fighting       | 2 |  2.8
Throwing       | |  0.6
Stealth        | |  3.2

Action                   |  1- 3 |  4- 6 || total
-------------------------+-------+-------++-------
Melee: Whip              |   101 |   141 ||   242
 Fire: Blowgun           |    83 |       ||    83
Throw: Tomahawk          |     2 |    23 ||    25
  Use: Scroll            |     4 |     3 ||     7
       Potion            |     1 |       ||     1
 Stab: Sleeping          |     1 |     3 ||     4
  Eat: Chunk             |     6 |     8 ||    14
Armor: Robe              |    67 |    48 ||   115
Dodge: Dodged            |   180 |   114 ||   294
